 Dungeon Crawl Stone Soup version 0.25-a0-306-g3faca94807 (webtiles) character file.

Game seed: 761896768560082501, levelgen mode: deterministic

232 Redear the Skirmisher (level 5, 0/42 HPs)
             Began as a Mummy Monk on Dec 21, 2019.
             Slain by a hound skeleton (2 damage)
             ... on level 4 of the Dungeon.
             The game lasted 00:12:14 (7015 turns).

Redear the Skirmisher (Mummy Monk)                  Turns: 7015, Time: 00:12:14

Health: 0/42       AC:  2    Str: 14    XL:     5   Next: 73%
Magic:  5/5        EV: 13    Int: 10    God:
Gold:   205        SH:  4    Dex: 15    Spells: 4/4 levels left

rFire    x . .     SeeInvis .     - Unarmed
rCold    + . .     Gourm    .   j - +0 buckler
rNeg     + + +     Faith    .   (no armour)
rPois    ∞         Spirit   .   (no helmet)
rElec    .         Reflect  .   k - +1 cloak
rCorr    .         Harm     .   (no gloves)
MR       .....                  (no boots)
Stlth    ++........             (no amulet)
HPRegen  0.14/turn              (no ring)
MPRegen  0.09/turn              (no ring)

@: no status effects
A: no food or potions, fire vulnerability, cold resistance 1, negative energy
resistance 3, torment resistance, unbreathing
a: no special abilities


You were on level 4 of the Dungeon.
You were not hungry.

You visited 1 branch of the dungeon, and saw 4 of its levels.

You collected 205 gold pieces.

Inventory:

Armour
 j - a +0 buckler (worn)
 k - a +1 cloak (worn)
Jewellery
 d - an uncursed amulet of the gourmand {unknown}
 l - an uncursed ring of stealth {unknown}
Scrolls
 a - a scroll of enchant armour
 e - a scroll of enchant weapon {unknown}
 f - a scroll of teleportation {unknown}
 g - a scroll of fog
 h - a scroll of amnesia
 n - a scroll of immolation {unknown}
 o - a scroll of blinking {unknown}
 M - a scroll of magic mapping
 N - 2 scrolls of remove curse
 R - 3 scrolls of identify


   Skills:
 + Level 4.3 Fighting
 + Level 3.5 Dodging
 - Level 1.5 Stealth
 + Level 1.2 Shields
 + Level 3.5 Unarmed Combat


You had 4 spell levels left.
You didn't know any spells.
Your spell library was empty.

Dungeon Overview and Level Annotations

Branches:
Dungeon (4/15)
 Temple: D:4-7

Altars:
Gozag
Nemelex Xobeh
Vehumet
Yredelemnul


Innate Abilities, Weirdness & Mutations

You do not eat or drink.
Your flesh is vulnerable to fire.
You are immune to poison.
Your flesh is cold resistant. (rC+)
You are immune to negative energy. (rN+++)
You are immune to unholy pain and torment.
You can survive without breathing.


Message History

* * * LOW HITPOINT WARNING * * *
The worker ant barely misses you.
The hound skeleton bites you but does no damage.
The worker ant barely misses you.
You take 2 damage, and have 2/42 hp.
Okay, then.
Unknown command.
Unknown command.
Press: ? - help, v - describe, . - travel
Here: a hound skeleton The floor.
You can't drink.
Unknown command.
Unknown command.
Unknown command.
Unknown command.
As you read the scroll of fear, it crumbles to dust.
You assume a fearsome visage.
The worker ant looks frightened!
The hound skeleton is unaffected.
The hound skeleton bites you.
You die...

# ######### #
#########.......#
####...##..........#
'..................###
#....................#
#....................#
#...............@...(#
...........[....aZ...#
.....................#*
......................#
.....>..####.###......#
........# #.*,.......#
........# #,,,###....#
........####.#** *....#
.............#.* *,**,*


You could see a worker ant (fleeing) and a hound skeleton.

Vanquished Creatures
  A hound skeleton (D:4)
  11 adders
  3 oozes
  2 worms (D:4)
  4 dart slugs (D:2)
  2 leopard geckos
  9 orcs
  3 giant cockroaches
  11 goblins
  7 hobgoblins
  5 quokkas
  3 ball pythons (D:3)
  7 bats
  5 frilled lizards
  5 kobolds
  13 rats
91 creatures vanquished.

Notes
Turn   | Place    | Note
-------+----------+-------------------------------------------
     0 | D:1      | Redear the Mummy Monk began the quest for the Orb.
     0 | D:1      | Reached XP level 1. HP: 18/18 MP: 1/1
   664 | D:1      | Reached XP level 2. HP: 10/24 MP: 2/2
  1669 | D:2      | Reached XP level 3. HP: 16/29 MP: 3/3
  1859 | D:2      | Found an opulent altar of Gozag.
  2415 | D:2      | Reached skill level 3 in Dodging
  2415 | D:2      | Reached skill level 3 in Unarmed Combat
  2476 | D:2      | Reached XP level 4. HP: 24/37 MP: 4/4
  2700 | D:2      | Found a radiant altar of Vehumet.
  4234 | D:3      | Reached skill level 4 in Fighting
  5350 | D:3      | Reached XP level 5. HP: 33/42 MP: 5/5
  5479 | D:3      | Found a sparkling altar of Nemelex Xobeh.
  6269 | D:4      | Reached skill level 1 in Shields
  6900 | D:4      | Found a basalt altar of Yredelemnul.
  7013 | D:4      | HP: 4/42 [worker ant (5)]
  7015 | D:4      | Slain by a hound skeleton

Levels and vault maps discovered:
D:1:      onia_arrival_mini_maze, layout_basic, serial_glass, glass_columns_b,
          glass_columns_c, glass_columns_a, glass_columns_a, glass_columns_a
D:2:      layout_basic, nicolae_gozag_seed_capital,
          nicolae_overflow_crystal_walls
D:3:      layout_loops_ring, nemelex_dance_club_becter
D:4:      layout_rooms, kennysheep_little_box, first_ration

Skill      XL: |  1  2  3  4  5 |
---------------+----------------+-----
Dodging        | 3 |  3.5
Unarmed Combat | 3 |  3.5
Fighting       | 4 |  4.3
Shields        | 1 |  1.2
Stealth        | |  1.5

Action                   |  1- 3 |  4- 6 || total
-------------------------+-------+-------++-------
Melee: Unarmed           |   124 |   374 ||   498
  Use: Scroll            |       |     8 ||     8
 Stab: Sleeping          |     8 |     5 ||    13
Armor: Skin              |       |    12 ||    12
Dodge: Dodged            |    86 |   242 ||   328
Block: Buckler           |       |    53 ||    53

Table legend:
 A = Non-vault XP
 B = Vault XP
 C = Vault XP percentage of total XP
 D = Non-vault monster count
 E = Vault monster count
 F = Vault count percentage of total count
                 A         B        C        D         E       F
            +---------+---------+-------+---------+---------+-------
      Total |     321 |      11 |   3.3 |      88 |       3 |   3.3
            +---------+---------+-------+---------+---------+-------
        D:1 |      28 |       1 |   3.4 |      16 |       1 |   5.9
        D:2 |     102 |       0 |   0.0 |      33 |       0 |   0.0
        D:3 |      97 |      10 |   9.3 |      26 |       2 |   7.1
        D:4 |      94 |       0 |   0.0 |      13 |       0 |   0.0
            +---------+---------+-------+---------+---------+-------
